 Dungeon Crawl Stone Soup version 0.31-a0-325-g067879e3d3 (webtiles) character file.

Game seed: 1927098501012844817

6798 DrKenneth the Protected (level 10, -1/127 (138) HPs)
             Began as a Minotaur Fighter on July 19, 2023.
             Was a Believer of Makhleb.
             Slain by a wight
             ... wielding a +2 halberd of freezing
              (3 damage)
             ... on level 9 of the Dungeon.
             The game lasted 00:30:50 (7930 turns).

DrKenneth the Protected (Minotaur Fighter)          Turns: 7930, Time: 00:30:50

HP:   -1/127 (138)  AC: 29    Str: 25    XL:     10   Next: 76%
MP:   12/12         EV:  2    Int:  5    God:    Makhleb [**....]
Gold: 512           SH:  6    Dex: 10    Spells: 9/9 levels left

rFire   . . .        I - +1 morningstar (venom)
rCold   . . .        c - +0 buckler
rNeg    . . .        F - melded +0 plate armour
rPois   +            q - melded +2 hat
rElec   .            (cloak currently unavailable)
rCorr   .            (gloves currently unavailable)
SInv    .            p - melded +1 pair of boots
Will    .....        l - amulet of the acrobat
Stlth   +            k - +4 ring of protection
HPRegen 0.41/turn    L - +4 ring of slaying
MPRegen 0.13/turn

%: acrobat
@: tree-form, drained
A: stationary, stasis, torment immunity, boosted hp, (horns 2), (retaliatory
headbutt), (poison resistance)
a: Renounce Religion, Minor Destruction


You were on level 9 of the Dungeon.
You worshipped Makhleb.
Makhleb was pleased with you.
You were a tree.
You visited 2 branches of the dungeon, and saw 10 of its levels.
You also visited: Ossuary.

You collected 512 gold pieces.

Inventory:

Hand Weapons
 a - a +1 war axe of venom
 I - a +1 morningstar of venom (weapon)
Armour
 c - a +0 buckler (worn)
 p - a +1 pair of boots (melded)
 q - a +2 hat (melded)
 F - a +0 plate armour (melded)
Jewellery
 g - an amulet of magic regeneration
 k - a +4 ring of protection (left branch)
 l - an amulet of the acrobat (around neck)
 r - a ring of protection from fire
 x - a ring of willpower
 G - a ring of protection from fire
 L - a +4 ring of slaying (right branch)
Talismans
 y - a maw talisman
Wands
 D - a wand of iceblast (11)
Scrolls
 b - a scroll of immolation {unknown}
 f - 2 scrolls of fear
 i - 7 scrolls of identify
 m - a scroll of teleportation
 o - 3 scrolls of noise
 s - 2 scrolls of enchant armour
 t - a scroll of blinking
 z - a scroll of fog {unknown}
 A - a scroll of acquirement {unknown}
 B - 2 scrolls of amnesia
 E - a scroll of poison {unknown}
Potions
 d - 4 potions of might
 e - 4 potions of lignification
 h - 2 potions of berserk rage {unknown}
 j - 2 potions of cancellation {unknown}
 n - 5 potions of haste
 u - 8 potions of curing
 v - a potion of brilliance {unknown}
 w - 3 potions of mutation
 C - 4 potions of degeneration
 J - a potion of resistance {unknown}
 K - 2 potions of heal wounds {unknown}


   Skills:
 + Level 9.7 Fighting
 + Level 9.3(10.0) Axes
 + Level 5.4(8.1) Maces & Flails
 + Level 9.8 Armour
 + Level 9.7 Shields
 + Level 4.9 Invocations


You had 9 spell levels left.
You didn't know any spells.
Your spell library contained the following spells:

 Spells                   Type           Power      Damage    Failure   Level
 Sublimation of Blood     Necr           0%         N/A       65%         2
 Wereblood                Tmut           0%         N/A       65%         2
 Hailstorm                Conj/Ice       0%         3d3       87%         3
 Ozocubu's Armour         Ice            0%         N/A       87%         3
 Petrify                  Tmut/Erth      0%         N/A       99%         4
 Summon Ice Beast         Ice/Summ       0%         N/A       99%         4
 Irradiate                Conj/Tmut      0%         3d11      100%        5
 Simulacrum               Ice/Necr       0%         N/A       100%        6
 Ozocubu's Refrigeration  Ice            0%         4d7       100%        7
 Summon Hydra             Summ           0%         N/A       100%        7


Dungeon Overview and Level Annotations

Branches:
Dungeon (9/15)             Temple (1/1) D:5         Ossuary (visited)
   Lair: D:8-11         Orc: D:9-12

Altars:
Ashenzari
Cheibriados
Fedhas
Gozag
Hepliaklqana
Kikubaaqudgha
Makhleb
Nemelex Xobeh
Okawaru
Qazlal
Ru
Sif Muna
Trog
Uskayaw
Vehumet
Wu Jian
Xom
Yredelemnul
Zin
The Shining One

Shops:
D:5 *   D:8 :


Innate Abilities, Weirdness & Mutations

You are a tree.
Your roots penetrate the ground, keeping you stationary.
You cannot be teleported.
You are immune to unholy pain and torment.
Your maximum health is greatly increased.
Your equipment is partially melded.
((You have a pair of horns on your head.))
((You reflexively headbutt those who attack you in melee.))
((Your system is resistant to poisons. (rPois)))


Message History

* * * LOW HITPOINT WARNING * * *
You block the orc's attack. You block the wight's attack.
You impale the orc!!
You kill the orc!
Makhleb accepts your kill.
You feel better. The wight hits you but does no damage.
The wight hits you with a +0 war axe.
* * * LOW HITPOINT WARNING * * *
You hit the wight.
The wight is moderately damaged.
The wight hits you from afar with a +2 halberd of freezing.
* * * LOW HITPOINT WARNING * * *
The wight freezes you.
* * * LOW HITPOINT WARNING * * *
You block the wight's attack.
You closely miss the wight.
The wight is moderately damaged.
The wight hits you from afar with a +2 halberd of freezing.
* * * LOW HITPOINT WARNING * * *
The wight freezes you.
* * * LOW HITPOINT WARNING * * *
You block the wight's attack.
You barely miss the wight.
The wight is moderately damaged.
The wight barely misses you. You block the wight's attack.
You closely miss the wight.
The wight is moderately damaged.
You block the wight's attack. The wight hits you but does no damage.
The wight hits you from afar with a +2 halberd of freezing!
* * * LOW HITPOINT WARNING * * *
The wight freezes you.
* * * LOW HITPOINT WARNING * * *
The wight hits you with a +0 war axe.
* * * LOW HITPOINT WARNING * * *
You feel drained.
* * * LOW HITPOINT WARNING * * *
It was a potion of mutation.
You feel extremely strange.
You feel resistant to poisons.
The wight hits you from afar with a +2 halberd of freezing.
You die...

#.....#..#..# .....#.#.K#..#
#.< .. #........K...# #.. #.#
#........)zz.# #.. ..#
#........#...###.. #..
###....(...##...##.. #..
#..z.......#........
#..###..)z.............).
######..#..)♣)!............?.
..........##))......#........
#####..####..........#....##
##....###.##.##..>....#
##.#.###>##.##!.#.....
#####.....#)##.###........
$.......##................(
#######.<...............W..
#....#..##....


You could see 2 wights.

Vanquished Creatures
  Erica (D:9)
  A gargoyle (D:7)
  Prince Ribbit (D:7)
  A wyvern (D:8)
  11 yaks (D:8)
  Eustachio (D:4)
  A steam dragon (D:8)
  2 orc warriors
  A water moccasin (D:7)
  4 sky beasts
  3 ice beasts
  A black bear (D:6)
  An ogre (D:4)
  4 centaurs
  A phantom (D:5)
  2 bullfrogs
  3 elf zombies (Ossuary)
  3 kobold brigands
  A scorpion (D:5)
  2 wights (D:9)
  5 killer bees (D:7)
  A howler monkey (D:3)
  9 orc priests
  Crazy Yiuf (D:4)
  5 hounds
  A gnoll bouda (D:8)
  A sleepcap (D:5)
  Ijyb (D:4)
  4 iguanas
  9 orc wizards
  2 hound zombies (Ossuary)
  4 mummies (Ossuary)
  14 gnolls
  4 adders
  3 shadow imps (D:6)
  2 white imps
  2 ufetubi
  An adder zombie (Ossuary)
  A worm (D:3)
  5 dart slugs
  22 orcs
  12 endoplasms
  5 giant cockroaches
  A gnoll zombie (Ossuary)
  10 goblins
  6 hobgoblins
  18 kobolds
  3 quokkas
  12 ball pythons
  7 bats
  3 frilled lizards
  A goblin zombie (Ossuary)
  3 kobold zombies (Ossuary)
  An orc zombie (Ossuary)
  12 rats
236 creatures vanquished.

Vanquished Creatures (others)
  A gnoll (D:8)
1 creature vanquished.

Grand Total: 237 creatures vanquished

Notes
Turn   | Place    | Note
-------+----------+-------------------------------------------
     0 | D:1      | DrKenneth the Minotaur Fighter began the quest for the Orb.
     0 | D:1      | Reached XP level 1. HP: 19/19 MP: 0/0
   160 | D:1      | Reached XP level 2. HP: 27/27 MP: 1/1
   536 | D:1      | Reached XP level 3. HP: 33/33 MP: 2/2
  1298 | D:2      | Reached XP level 4. HP: 24/40 MP: 3/3
  1372 | D:2      | Identified the +0 pair of boots of Disaster {Str+2}
  2169 | D:3      | Reached XP level 5. HP: 47/47 MP: 4/4
  2786 | D:4      | Found a sand-covered staircase.
  2804 | Ossuary  | Entered an ossuary
  2814 | Ossuary  | Reached skill level 5 in Armour
  2814 | Ossuary  | Reached skill level 5 in Shields
  2816 | Ossuary  | Reached skill level 5 in Fighting
  2827 | Ossuary  | Reached XP level 6. HP: 22/56 MP: 5/5
  3101 | D:4      | Identified the +0 robe "Othurrix" {Fly rElec Str+8 Dex-4}
  3139 | D:4      | Reached skill level 5 in Axes
  3139 | D:4      | Reached XP level 7. HP: 62/62 MP: 6/6
  3267 | D:4      | Noticed Eustachio
  3278 | D:4      | Killed Eustachio
  3375 | D:4      | Noticed Ijyb
  3382 | D:4      | Killed Ijyb
  3491 | D:4      | Found a runed translucent door.
  3492 | D:4      | Noticed Crazy Yiuf
  3601 | D:4      | Killed Crazy Yiuf
  3708 | D:5      | Entered Level 5 of the Dungeon
  3732 | D:5      | Found a staircase to the Ecumenical Temple.
  3819 | D:5      | Reached XP level 8. HP: 62/71 MP: 7/7
  4044 | D:5      | Found a shimmering altar of Xom.
  4710 | D:5      | Found Lacvoum's CLEARANCE SALE!.
  4918 | Temple   | Entered the Ecumenical Temple
  5015 | Temple   | Became a worshipper of Makhleb the Destroyer
  5233 | D:6      | Reached skill level 1 in Invocations
  5441 | D:6      | Reached XP level 9. HP: 81/81 MP: 9/9
  5906 | D:7      | Reached * piety under Makhleb
  5954 | D:7      | Noticed a gargoyle
  5958 | D:7      | Noticed Prince Ribbit
  5959 | D:7      | Reached skill level 1 in Maces & Flails
  5965 | D:7      | Killed a gargoyle
  5986 | D:7      | Killed Prince Ribbit
  6286 | D:7      | Found an iron altar of Okawaru.
  6955 | D:8      | Reached XP level 10. HP: 90/90 MP: 11/11
  7203 | D:8      | Reached ** piety under Makhleb
  7246 | D:8      | Found Umeugopu's Tiny Tomes.
  7744 | D:9      | Noticed Erica
  7772 | D:9      | Killed Erica
  7773 | D:9      | Reached skill level 5 in Maces & Flails
  7929 | D:9      | HP: 3/130 [wight/+0 war axe (4)]
  7930 | D:9      | Gained mutation: Your system is resistant to poisons.
                  | (rPois) [potion of mutation]
  7930 | D:9      | Slain by a wight

Illustrated notes

Levels and vault maps discovered:
D:1:      amcnicky_arrival_blooded_trapdoor, layout_loops_corners,
          minmay_shallow_snake_nest
D:2:      layout_loops_ring, minmay_misc_feat_columns
D:3:      layout_basic
D:4:      nicolae_cairo_tiling, layout_rooms, nicolae_ossuary_entry_monument,
          kennysheep_diamond, uniq_ijyb, uniq_eustachio, uniq_crazy_yiuf_cottage
D:5:      layout_basic, xom_butterflies, minmay_temple_entry_from_below_a,
          nicolae_shop_clearance
D:6:      layout_loops_ring
D:7:      layout_rooms, mainiacjoe_overflow_catwalk, nicolae_sextant,
          minmay_between, uniq_prince_ribbit1
D:8:      layout_basic, nicolae_shop_i_like_small_books_too
D:9:      layout_rooms, elyvilon_altar_1, uniq_erica
Temple:   dpeg_five_rooms_temple

Skill      XL: |  1  2  3  4  5  6  7  8  9 10 |
---------------+-------------------------------+-----
Armour         | 4 5 6 7 8 9 |  9.8
Shields        | 4 5 6 7 8 9 |  9.7
Fighting       | 4 5 6 7 8 9 |  9.7
Axes           | 3 4 5 6 7 8 9 |  9.3
Invocations    | 1 3 4 |  4.9
Maces & Flails | 3 5 |  5.4

Action                     |  1- 3 |  4- 6 |  7- 9 | 10-12 || total
---------------------------+-------+-------+-------+-------++-------
  Melee: War axe           |    91 |   107 |   241 |       ||   439
         Headbutt          |    19 |    18 |    56 |    19 ||   112
         Morningstar       |       |       |    20 |    96 ||   116
    Use: Scroll            |       |     1 |    12 |     1 ||    14
         Potion            |       |       |       |     2 ||     2
 Armour: Scale mail        |    43 |    87 |       |       ||   130
         Chain mail        |       |     7 |    89 |       ||    96
         Plate armour      |       |       |    68 |    89 ||   157
         Skin              |       |       |       |     8 ||     8
  Dodge: Dodged            |    45 |    52 |   107 |    79 ||   283
  Block: Buckler           |    20 |    23 |    68 |    45 ||   156

Table legend: (Time is in decaauts)
 A = Elapsed time spent in this place.
 B = Non-inter-level travel time spent in this place.
 C = Inter-level travel time spent in this place.
 D = Time resting spent in this place.
 E = Time spent auto-exploring this place.
 F = Levels seen in this place.
 G = Mean time per level.
                   A        B        C        D        E       F      G
               +--------+--------+--------+--------+--------+-----+--------+
         Total |   8093 |   7362 |    731 |    187 |   5052 |  11 |  735.7 |
       Dungeon |   7620 |   7055 |    565 |    187 |   4912 |   9 |  846.7 |
        Temple |    168 |      2 |    166 |      0 |      0 |   1 |  168.0 |
       Ossuary |    303 |    303 |      0 |      0 |    140 |   1 |  303.0 |
               +--------+--------+--------+--------+--------+-----+--------+

Top non-repeatable levels by time:
     D:5: 1181 daAuts
     D:8: 1006 daAuts
     D:3: 956 daAuts
     D:7: 926 daAuts
     D:1: 908 daAuts
     D:6: 870 daAuts
     D:2: 826 daAuts
     D:4: 793 daAuts
 Ossuary: 303 daAuts
  Temple: 168 daAuts
     D:9: 151 daAuts
